 Dungeon Crawl Stone Soup version 0.32-a0-560-g4c7f4391e0 (webtiles) character file.

Game seed: 1794847965786439015

238 retardedninja the Trooper (level 5, 0/47 HPs)
             Began as a Mountain Dwarf Fighter on Feb 29, 2024.
             Was an Initiate of Cheibriados.
             Slain by an iguana (4 damage)
             ... on level 4 of the Dungeon.
             The game lasted 00:06:41 (3077 turns).

retardedninja the Trooper (Mountain Dwarf Fighter)  Turns: 3077, Time: 00:06:43

Health: 0/47       AC: 13    Str: 21    XL:     5   Next: 78%
Magic:  5/5        EV:  6    Int: 10    God:    Cheibriados [......]
Gold:   132        SH:  4    Dex: 10    Spells: 4/4 levels left

rFire   . . .        a - +0 war axe
rCold   . . .        c - +0 buckler
rNeg    . . .        l - +0 plate armour
rPois   .            (no helmet)
rElec   .            (no cloak)
rCorr   .            (no gloves)
SInv    .            f - +0 pair of boots
Will    +....        (no amulet) Stlth
                     (no ring)
HPRegen 0.27/turn    (no ring)
MPRegen 0.09/turn

%: no passive effects
@: enlightened, flying, very slow
A: runic magic, artefact enchanting
a: Renounce Religion


You were on level 4 of the Dungeon.
You worshipped Cheibriados.
Cheibriados was noncommittal.
You visited 2 branches of the dungeon, and saw 5 of its levels.

You collected 132 gold pieces.

Inventory:

Hand Weapons
 a - a +0 war axe (weapon)
Armour
 c - a +0 buckler (worn)
 f - a +0 pair of boots (worn)
 l - a +0 plate armour (worn)
Jewellery
 i - a +6 ring of dexterity
 m - a ring of ice
Talismans
 e - a talisman of death
Scrolls
 g - a scroll of noise {unknown}
Potions
 j - a potion of attraction
 k - 2 potions of degeneration


   Skills:
 * Level 4.9 Fighting
 * Level 4.6 Axes
 + Level 4.2 Armour
 + Level 4.2 Shields


You had 4 spell levels left.
You didn't know any spells.
Your spell library was empty.

Dungeon Overview and Level Annotations

Branches:
Dungeon (4/15)             Temple (1/1) D:4

Altars:
Ashenzari
Cheibriados
Fedhas
Gozag
Hepliaklqana
Makhleb
Nemelex Xobeh
Okawaru
Qazlal
Sif Muna
Trog
Uskayaw
Vehumet
Xom

Annotations:
D:4 Ijyb


Innate Abilities, Weirdness & Mutations

Your spellcasting is much less encumbered by armour.
You can use scrolls of enchantment on lesser artefacts.


Message History

Ijyb closely misses you.
Okay, then.
You barely miss Ijyb.
Ijyb is moderately wounded.
Ijyb hits you but does no damage.
You hit Ijyb but do no damage.
Ijyb is moderately wounded.
You block Ijyb's attack. Ijyb hits you with a +0 dagger.
* * * LOW HITPOINT WARNING * * *
You closely miss Ijyb.
Ijyb is moderately wounded.
Your surroundings suddenly seem different.
A bombardier beetle comes into view.
You are no longer corroded.
Found a rapier.
An adder comes into view.
You see here a +0 rapier.
An iguana comes into view.
You hit the iguana.
The iguana is lightly wounded.
The iguana barely misses you.
You barely miss the iguana.
The iguana is lightly wounded.
You block the iguana's attack. You block the iguana's attack.
The iguana bites you!
* * * LOW HITPOINT WARNING * * *
You hit the iguana.
The iguana is moderately wounded.
The iguana barely misses you.
You closely miss the iguana.
The iguana is moderately wounded.
The iguana bites you.
* * * LOW HITPOINT WARNING * * *
You hit the iguana.
The iguana is severely wounded.
The iguana bites you.
* * * LOW HITPOINT WARNING * * *
The iguana bites you.
You die...
Cheibriados appreciates the motionlessness of death.

#........ .......
...... ..... #...#
#...# #..## .. #@l#
..## ##.## #...
##.#####....
##..##..# ##)...#
##....# .##
###...B.# ...
#.......# #S..
...#####..#####....


You could see a bombardier beetle and an iguana.

Vanquished Creatures
  2 hounds (D:3)
  An orc wizard (D:3)
  2 adders
  5 gnolls
  3 dart slugs
  4 orcs (D:3)
  3 ball pythons
  5 bats
  4 endoplasms
  6 giant cockroaches
  7 goblins
  8 hobgoblins
  3 jackals (D:1)
  7 kobolds
  2 quokkas
  A frilled lizard (D:2)
  7 rats
70 creatures vanquished.

Vanquished Creatures (others)
  An adder (D:3)
1 creature vanquished.

Grand Total: 71 creatures vanquished

Notes
Turn   | Place    | Note
-------+----------+-------------------------------------------
     0 | D:1      | retardedninja the Mountain Dwarf Fighter began the quest
                  | for the Orb.
     0 | D:1      | Reached XP level 1. HP: 19/19 MP: 1/1
   105 | D:1      | Reached XP level 2. HP: 25/26 MP: 2/2
   375 | D:1      | Found a faded altar of an unknown god.
   817 | D:1      | Reached XP level 3. HP: 30/33 MP: 3/3
  1227 | D:2      | Identified the +4 ring mail of Divine Intervention {-Tele
                  | Will+ Str+2}
  1420 | D:2      | Reached XP level 4. HP: 32/40 MP: 4/4
  2154 | D:3      | Reached XP level 5. HP: 27/47 MP: 5/5
  2850 | D:4      | Found a staircase to the Ecumenical Temple.
  2876 | Temple   | Entered the Ecumenical Temple
  2882 | Temple   | Became a worshipper of Cheibriados the Contemplative
  2997 | D:4      | Noticed Ijyb
  3077 | D:4      | Slain by an iguana

Illustrated notes

Levels and vault maps discovered:
D:1:      saegor_arrival_simple_e, layout_basic, serial_forest,
          infiniplex_forest_end_2, infiniplex_forest_lined_room_,
          infiniplex_forest_lined_room_, infiniplex_forest_straight_3,
          infiniplex_forest_zigzag_2, infiniplex_forest_straight_5,
          infiniplex_forest_clump_tiny, infiniplex_forest_straight_2,
          shapermc_ecumenical_altar_venn
D:2:      layout_rooms, grunt_ministairs_14
D:3:      layout_rooms, serial_glass, glass_columns_b, glass_columns_a,
          cheibrodos_gnoll_hut
D:4:      layout_layer_cave, minmay_temple_entry_hall, uniq_ijyb
Temple:   eino_narrow_crystal_temple

Skill      XL: |  1  2  3  4 |
---------------+-------------+-----
Axes           | 3 4 |  4.6
Fighting       | 4 |  4.9
Shields        | 4 |  4.2
Armour         | 4 |  4.2

Action                     |  1- 3 |  4- 6 || total
---------------------------+-------+-------++-------
  Melee: War axe           |   116 |    98 ||   214
    Use: Potion            |     1 |     5 ||     6
         Scroll            |       |     7 ||     7
 Armour: Scale mail        |    37 |       ||    37
         Plate armour      |    59 |   171 ||   230
  Dodge: Dodged            |    36 |    38 ||    74
  Block: Buckler           |    20 |    35 ||    55
         Form:             |     1 |       ||     1
         Death             |     1 |       ||     1

Table legend: (Time is in decaauts)
 A = Elapsed time spent in this place.
 B = Non-inter-level travel time spent in this place.
 C = Inter-level travel time spent in this place.
 D = Time resting spent in this place.
 E = Time spent auto-exploring this place.
 F = Levels seen in this place.
 G = Mean time per level.
                   A        B        C        D        E       F      G
               +--------+--------+--------+--------+--------+-----+--------+
         Total |   3193 |   3117 |     76 |    767 |   1679 |   5 |  638.6 |
       Dungeon |   3179 |   3109 |     70 |    767 |   1679 |   4 |  794.8 |
        Temple |     14 |      8 |      6 |      0 |      0 |   1 |   14.0 |
               +--------+--------+--------+--------+--------+-----+--------+

Top non-repeatable levels by time:
     D:1: 1172 daAuts
     D:2: 977 daAuts
     D:3: 742 daAuts
     D:4: 287 daAuts
  Temple: 14 daAuts
